 Dungeon Crawl Stone Soup version 0.30-a0-385-gfebfb9b408 (webtiles) character file.

Game seed: 13943632486463088732

46 vineage the Trooper (level 3, -6/41 HPs)
             Began as an Ogre Fighter on Dec 2, 2022.
             Killed by nerve-wracking pain
             ... invoked by an orc priest
              (9 damage)
             ... on level 2 of the Dungeon.
             The game lasted 00:01:31 (1864 turns).

vineage the Trooper (Ogre Fighter)                  Turns: 1864, Time: 00:01:32

Health: -6/41      AC:  3    Str: 22    XL:     3   Next: 66%
Magic:  3/3        EV:  8    Int:  9    God:
Gold:   81         SH:  7    Dex:  8    Spells: 2/2 levels left

rFire   . . .      SeeInvis .    a - +0 flail
rCold   . . .      Faith    .    c - +0 kite shield
rNeg    . . .      Spirit   .    b - +0 robe
rPois   .          Reflect  .    (helmet restricted)
rElec   .          Harm     .    (no cloak)
rCorr   .          Rampage  .    (gloves unavailable)
Will    .....                    (boots unavailable)
Stlth   +.........               (no amulet)
HPRegen 0.26/turn                (no ring)
MPRegen 0.08/turn                (no ring)

@: brilliant, lethally poisoned (-6 -> -9), attractive
A: large, unfitting armour, tough skin 1
a: no special abilities


You were on level 2 of the Dungeon.
You visited 1 branch of the dungeon, and saw 3 of its levels.

You collected 81 gold pieces.

Inventory:

Hand Weapons
 a - a +0 flail (weapon)
Armour
 b - a +0 robe (worn)
 c - a +0 kite shield (worn)
Scrolls
 h - 4 scrolls of teleportation
Potions
 d - 4 potions of might
 i - a potion of brilliance
 j - 3 potions of lignification


   Skills:
 * Level 4.9 Fighting
 * Level 2.6 Maces & Flails
 + Level 3.0 Dodging
 - Level 3.0 Shields


You had 2 spell levels left.
You didn't know any spells.
Your spell library was empty.

Dungeon Overview and Level Annotations

Branches:
Dungeon (3/15)

Altars:
Ashenzari


Innate Abilities, Weirdness & Mutations

You are too large for most types of armour.
You have tough skin. (AC +1)


Message History

You block the orc's attack. The hobgoblin hits you.
You barely miss the orc. The hobgoblin completely misses you.
You block the orc's attack. The orc completely misses you.
An orc wizard comes into view. It is wielding a +0 dagger.
You barely miss the orc. The orc closely misses you. The hobgoblin hits you.
The orc hits you with a +0 hand axe. You block the orc's attack.
An endoplasm comes into view.
The orc hits you with a +0 club. You block the orc priest's attack.
The hobgoblin barely misses you.
You are too injured to fight recklessly!
You are too injured to fight recklessly!
You are too injured to fight recklessly!
You are too injured to fight recklessly!
You are too injured to fight recklessly!
You are too injured to fight recklessly!
You are too injured to fight recklessly!
You are too injured to fight recklessly!
You are too injured to fight recklessly!
You are too injured to fight recklessly!
The endoplasm quivers.
The orc priest hits you with a +2 dagger of venom.
You are poisoned.
The orc hits you with a +0 club. You block the orc's attack.
The hobgoblin closely misses you.
You climb upwards.
You feel very sick.
There is a stone staircase leading down here.
It was a potion of brilliance.
You feel clever all of a sudden.
You feel sick. The hobgoblin closely misses you. The orc closely misses you.
You block the orc's attack. You block the orc priest's attack.
It was a potion of attraction.
You feel attractive to monsters.
You feel sick. The hobgoblin hits you.
* * * LOW HITPOINT WARNING * * *
The orc hits you but does no damage. The orc hits you with a +0 hand axe.
* * * LOW HITPOINT WARNING * * *
The orc priest calls down the wrath of Beogh upon you.
Pain shoots through your body!
You die...

#.........#..................##.#
.................................
...#.#.#.##<#.#.##..............#
.....#.#.##.#.#.##....###..#..#.#
...###.#..............###..#..#.#
...# #.#..#.#.#.###.............#
...###.#..#.#.#............#..###
.......#..#.#.#†go.........#....#
...............o@o........##.##.#
...#........#.#..##....#.........
#.............#..##....#..##.####
#..#.####.#......##.............#
..........+.....###.......##.##.#
...#.####.#.....###.#..##.##.##.#
.........>.............##.##.##.#
#..#.##.#######.###.#...........#
#..#.##.# ### #.#..##.##.##.#


You could see an orc priest, 2 orcs and a hobgoblin.

Vanquished Creatures
  An adder (D:2)
  2 worms (D:2)
  An orc (D:3)
  2 ball pythons (D:1)
  7 bats
  A giant cockroach (D:2)
  3 goblins
  4 hobgoblins
  3 frilled lizards
  4 kobolds
  3 rats (D:2)
31 creatures vanquished.

Notes
Turn   | Place    | Note
-------+----------+-------------------------------------------
     0 | D:1      | vineage the Ogre Fighter began the quest for the Orb.
     0 | D:1      | Reached XP level 1. HP: 24/24 MP: 1/1
   227 | D:1      | Reached XP level 2. HP: 32/32 MP: 2/2
  1016 | D:2      | Reached XP level 3. HP: 37/40 MP: 3/3
  1034 | D:2      | Found a broken altar of Ashenzari.
  1864 | D:2      | Killed from afar by an orc priest

Illustrated notes

Levels and vault maps discovered:
D:1:      sevenhm_arrival_forest_fort_small_5, layout_basic, wad_floor_pattern_2
D:2:      layout_basic, basic_altar, minmay_tromino_v4_a
D:3:      layout_basic, general_overflow_altar, lemuel_coloured_pillars_altar

Skill      XL: |  1  2  3 |
---------------+----------+-----
Maces & Flails | 2 |  2.6
Dodging        | 3 |  3.0
Fighting       | |  4.9
Shields        | |  3.0

Action                   || total
-------------------------++-------
Melee: Flail             ||   120
  Use: Scroll            ||     7
       Potion            ||     2
Armor: Robe              ||    58
Dodge: Dodged            ||    74
Block: Kite shield       ||    53

Table legend: (Time is in decaauts)
 A = Elapsed time spent in this place.
 B = Non-inter-level travel time spent in this place.
 C = Inter-level travel time spent in this place.
 D = Time resting spent in this place.
 E = Time spent auto-exploring this place.
 F = Levels seen in this place.
 G = Mean time per level.
                   A        B        C        D        E       F      G
               +--------+--------+--------+--------+--------+-----+--------+
         Total |   1917 |   1834 |     83 |    128 |   1424 |   3 |  639.0 |
       Dungeon |   1917 |   1834 |     83 |    128 |   1424 |   3 |  639.0 |
               +--------+--------+--------+--------+--------+-----+--------+

Top non-repeatable levels by time:
     D:2: 1017 daAuts
     D:1: 887 daAuts
     D:3: 12 daAuts
